 Dungeon Crawl Stone Soup version 0.29.1-2-gbd0b4ee654 (webtiles) character file.

Game seed: 11331770540807216404

774 DildoBatman the Conjurer (level 8, -5/56 (58) HPs)
             Began as a Formicid Conjurer on Nov 6, 2022.
             Slain by an orc
             ... wielding a +0 flail
              (6 damage)
             ... on level 7 of the Dungeon.
             The game lasted 00:10:38 (3605 turns).

DildoBatman the Conjurer (Formicid Conjurer)        Turns: 3605, Time: 00:10:39

HP:   -5/56 (58)    AC:  2    Str: 11    XL:     8   Next: 10%
MP:   6/15          EV: 12    Int: 19    God:
Gold: 170           SH:  5    Dex: 16    Spells: 13/16 levels left

rFire   . . .      SeeInvis +   a - +9 dagger of the Poles {vamp, Fly rElec rPois Dex+2}
rCold   . . .      Faith    .   (no shield)
rNeg    . . .      Spirit   .   h - +0 robe
rPois   +          Reflect  +   (helmet unavailable)
rElec   +          Harm     .   (no cloak)
rCorr   .          Rampage  .   (no gloves)
Will    .....                   (no boots)
Stlth   ++........              g - amulet of reflection
HPRegen 0.18/turn               (no ring)
MPRegen 0.14/turn               (no ring)

@: flying, lightly drained
A: permanent stasis, dig shafts and tunnels, antennae 3, four strong arms
a: Dig, Shaft Self


You were on level 7 of the Dungeon.
You visited 1 branch of the dungeon, and saw 6 of its levels.
You also visited: Sewer.

You collected 170 gold pieces.

Inventory:

Hand Weapons
 a - the +9 dagger of the Poles (weapon) {vamp, Fly rElec rPois Dex+2}
   (You found it on level 2 of the Dungeon)

   It occasionally heals its wielder for a portion of the damage dealt when it
   wounds a living foe.
   Dex:       It affects your dexterity (+2).
   rElec:     It insulates you from electricity.
   rPois:     It protects you from poison.
   Fly:       It grants you flight.
Missiles
 d - 71 stones
 p - 11 poisoned darts
 y - a boomerang
Armour
 h - a +0 robe (worn)
Jewellery
 g - an amulet of reflection (around neck)
Wands
 n - a wand of mindburst (12)
Scrolls
 c - 5 scrolls of identify {unknown}
 e - a scroll of butterflies {unknown}
 f - 3 scrolls of fear {unknown}
 j - 2 scrolls of noise {unknown}
 l - a scroll of torment {unknown}
 m - a scroll of amnesia {unknown}
 o - a scroll of summoning {unknown}
 r - 2 scrolls of enchant weapon {unknown}
 u - 2 scrolls of vulnerability {unknown}
 A - a scroll of brand weapon {unknown}
Potions
 b - 2 potions of magic
 i - a potion of lignification {unknown}
 k - 6 potions of curing {unknown}
 s - a potion of invisibility {unknown}
 t - a potion of mutation {unknown}
 v - a potion of brilliance {unknown}
 w - a potion of haste {unknown}
 x - a potion of resistance {unknown}
 z - 2 potions of ambrosia {unknown}
Miscellaneous
 q - a piece from Xom's chessboard (15/15)


   Skills:
 - Level 3.0 Fighting
 - Level 2.0 Short Blades
 - Level 3.0 Armour
 - Level 2.0 Dodging
 - Level 2.4 Stealth
 * Level 4.9 Spellcasting
 - Level 6.0 Conjurations


You had 13 spell levels left.
You knew the following spells:

 Your Spells              Type           Power      Damage    Failure   Level
a - Searing Ray           Conj           54%        2d6       1%          2
c - Magic Dart            Conj           100%       1d8       1%          1

Your spell library contained the following spells:

 Spells                   Type           Power      Damage    Failure   Level
 Dazzling Flash           Conj/Hex       32%        N/A       11%         3
 Fulminant Prism          Conj/Hex       8%         3d7       36%         4
 Iskenderun's Mystic Bla  Conj/Tloc      16%        2d5       36%         4


Dungeon Overview and Level Annotations

Branches:
Dungeon (5/15)              Sewer (visited)
 Temple: D:4-7

Altars:
Ashenzari
Vehumet

Shops:
D:4 *

Annotations:
D:1 exclusion: sensed monster (detected)
D:4 1 runed translucent door, exclusions: black bear and downstairs, kalagan's ghost, weakling DECj


Innate Abilities, Weirdness & Mutations

You cannot be hasted, slowed, berserked, paralysed or teleported.
You can dig through walls and to a lower floor.
You have a pair of large antennae on your head. (SInv)
Your four strong arms can wield two-handed weapons with a shield.


Message History

You hear a shout!
An orc priest comes into view. It is wielding a +0 hand axe.
An orc comes into view. It is wielding a +0 flail.
The orc hits you but does no damage.
You closely miss the orc.
The orc is almost dead.
The orc shouts!
You hit the orc but do no damage.
The orc is almost dead.
The orc closely misses you.
You hit the orc.
You feel better.
You kill the orc!
The orc closely misses you.
The orc priest mumbles some strange prayers to Beogh against you.
Beogh smites you!
Things that are here:
a +0 hand axe; 3 boomerangs; a +0 leather armour; an orc corpse You barely miss the orc.
The orc barely misses you.
Casting: Searing Ray (safe; 1% risk of failure)
Confirm with . or Enter, or press ? or * to list all spells.
Aiming: Searing Ray (safe; 1% risk of failure)
Press: ? - help, Shift-Dir - straight line, f - orc priest
Aim: an orc priest, wielding a +0 hand axe (79% to hit)
The searing ray hits the orc but does no damage.
The searing ray hits the orc priest.
The orc priest is lightly wounded. (Press . to maintain the ray.)
The orc hits you with a +0 flail! The orc closely misses you.
The searing ray hits the orc but does no damage.
The searing ray hits the orc priest!
The orc priest is heavily wounded.
The orc hits you with a +0 flail.
An orc wizard comes into view. It is wielding a +0 dagger.
The searing ray hits the orc priest.
The orc priest is almost dead.
The orc hits you with a +0 flail.
You die...

.. .. ..........
.#.. .#.......O
.#. ##..........
.. ............
#. #.......#.##
##.##...........
###..oo.###...#
#...o.@.......#
#.o#############
{ #≈≈≈# #####


You could see an orc priest, an orc wizard and 2 orcs.

Vanquished Creatures
  A phantom (D:4)
  A necrophage (D:5)
  2 scorpions (D:4)
  2 jellies
  2 iguanas
  An orc wizard (D:4)
  4 gnolls (D:4)
  11 adders
  6 river rats (Sewer)
  2 worms (D:4)
  2 dart slugs
  16 orcs
  9 ball pythons
  5 bats
  6 endoplasms
  2 giant cockroaches (D:3)
  7 goblins
  12 hobgoblins
  12 jackals
  32 kobolds
  3 quokkas
  8 frilled lizards
  30 rats
176 creatures vanquished.

Vanquished Creatures (others)
  6 plants (D:1)
6 creatures vanquished.

Grand Total: 182 creatures vanquished

Notes
Turn   | Place    | Note
-------+----------+-------------------------------------------
     0 | D:1      | DildoBatman the Formicid Conjurer began the quest for the
                  | Orb.
     0 | D:1      | Reached XP level 1. HP: 13/13 MP: 3/3
   180 | D:1      | Reached XP level 2. HP: 19/19 MP: 0/5
   184 | D:1      | Learned a level 2 spell: Searing Ray
   213 | D:1      | Reached skill level 4 in Conjurations
   287 | D:1      | Found a faded altar of an unknown god.
   383 | D:2      | Reached XP level 3. HP: 5/24 MP: 1/6
   599 | D:2      | Reached XP level 4. HP: 11/30 MP: 1/7
   700 | D:2      | Reached skill level 5 in Conjurations
   887 | D:2      | Identified the +9 dagger of the Poles {vamp, Fly rElec
                  | rPois Dex+2}
  1586 | D:3      | Reached XP level 5. HP: 35/35 MP: 8/8
  1590 | D:3      | Reached skill level 1 in Short Blades
  1690 | D:3      | Found a glowing drain.
  1699 | Sewer    | Entered a sewer
  1958 | Sewer    | Reached XP level 6. HP: 38/38 MP: 4/9
  2064 | Sewer    | Reached skill level 6 in Conjurations
  2321 | D:3      | Found a broken altar of Ashenzari.
  2717 | D:4      | Reached skill level 1 in Fighting
  2717 | D:4      | Reached skill level 1 in Armour
  2777 | D:4      | Found Ziof's Serpentskin Sales.
  2777 | D:4      | Noticed a water moccasin
  2777 | D:4      | Noticed a water moccasin
  2800 | D:4      | Found a runed translucent door.
  2802 | D:4      | Noticed kalagan's ghost (weakling DECj)
  2807 | D:4      | Reached XP level 7. HP: 50/50 MP: 6/10
  3386 | D:5      | Entered Level 5 of the Dungeon
  3400 | D:5      | Found a radiant altar of Vehumet.
  3515 | D:5      | Noticed a wyvern
  3524 | D:5      | Reached XP level 8. HP: 34/54 MP: 8/14
  3578 | D:5      | You are sucked into a shaft and drop 2 floors!
  3604 | D:7      | HP: 1/56 [orc/+0 flail (2)]
  3605 | D:7      | Slain by an orc

Illustrated notes

Levels and vault maps discovered:
D:1:      dpeg_arrival_rooms_c, layout_basic, basic_ecumenical_altar,
          minmay_lizard_king
D:2:      layout_basic
D:3:      corexii_shack_village, layout_basic, old_standard_altar,
          portal_sewer_entry_e, minmay_misc_feat_chi, serial_bayou_pond_e,
          minmay_checkerbox
D:4:      layout_basic, gammafunk_ghost_grave, guppyfry_shop_venom
D:5:      layout_gridville, fiery_altar_vehumet
D:7:      layout_rooms, nicolae_wu_jian_glorious_leap, serial_aquarium,
          aquarium_bridge_square [aquarium_subvault_bridge,
          aquarium_subvault_bridge, aquarium_subvault_window,
          aquarium_subvault_balcony], aquarium_bridge_straight
          [aquarium_subvault_bridge, aquarium_subvault_wall,
          aquarium_subvault_bridge, aquarium_subvault_wall], aquarium_window_1,
          aquarium_window_fake, aquarium_window_fake, aquarium_view_2d,
          aquarium_pool_side

Skill      XL: |  1  2  3  4  5  6  7 |
---------------+----------------------+-----
Conjurations   | 4 5 6 |  6.0
Short Blades   | 2 |  2.0
Dodging        | 2 |  2.0
Fighting       | 2 3 |  3.0
Armour         | 2 3 |  3.0
Spellcasting   | 4 |  4.9
Stealth        | |  2.4

Action                   |  1- 3 |  4- 6 |  7- 9 || total
-------------------------+-------+-------+-------++-------
Melee: Short sword       |    15 |       |       ||    15
       Whip              |    12 |       |       ||    12
       Dagger            |       |   154 |    81 ||   235
 Cast: Magic Dart        |    30 |    17 |    13 ||    60
       Searing Ray       |     4 |    11 |    11 ||    26
 Abil: Dig               |       |     2 |     1 ||     3
       Shaft Self        |       |       |     1 ||     1
 Stab: Sleeping          |       |     7 |     1 ||     8
Armor: Robe              |    13 |    15 |    10 ||    38
Dodge: Dodged            |    38 |    95 |    57 ||   190
Block: Other             |       |       |    10 ||    10
